 Dungeon Crawl Stone Soup version 0.31-a0-188-g5e087ee2ca (webtiles) character file.

Game seed: 7824890204246914444

95603 Anon1729 the Tortoise (level 15, -6/134 HPs)
             Began as a Minotaur Monk on June 23, 2023.
             Was a Priest of Uskayaw.
             Killed from afar by a frost giant (29 damage)
             ... with a bolt of cold
             ... on level 15 of the Dungeon.
             The game lasted 00:21:12 (28153 turns).

Anon1729 the Tortoise (Minotaur Monk)              Turns: 28153, Time: 00:21:13

Health: -6/134     AC: 14    Str: 17    XL:     15   Next: 66%
Magic:  20/23      EV: 22    Int:  9    God:    Uskayaw [***...]
Gold:   2396       SH:  0    Dex: 27    Spells: 14/14 levels left

rFire   . . .        Q - +8 long sword "Sakleboj" {drain, Fragile rElec rN+ Str+2}
rCold   . . .        d - orb {light}
rNeg    + . .        M - +0 acid dragon scales
rPois   +            (helmet restricted)
rElec   +            (no cloak)
rCorr   +            P - +1 pair of gloves
SInv    .            J - +0 pair of boots of the New World {Int+2}
Will    +....        y - amulet of faith
Stlth   +            I - ring of poison resistance
HPRegen 0.42/turn    p - +6 ring of dexterity
MPRegen 0.18/turn

%: faith
@: glowing
A: horns 2, retaliatory headbutt
a: Renounce Religion, Stomp, Line Pass


You were on level 15 of the Dungeon.
You worshipped Uskayaw.
Uskayaw was pleased with you.
You visited 4 branches of the dungeon, and saw 23 of its levels.
You also visited: Sewer, Ossuary and Volcano.

You collected 2929 gold pieces.
You spent 533 gold pieces at shops.

Inventory:

Hand Weapons
 Q - the +8 long sword "Sakleboj" (weapon) {drain, Fragile rElec rN+ Str+2}
   (You found it on level 3 of the Lair of Beasts)

   Str:       It affects your strength (+2).
   rElec:     It insulates you from electricity.
   rN:        It protects you from negative energy.
   Fragile:   It will be destroyed if unequipped.
 W - the +5 broad axe of Tycleewk {elec, rElec rF+ rN+ Will+}
   (You found it on level 11 of the Dungeon)

   rF:        It protects you from fire.
   rElec:     It insulates you from electricity.
   rN:        It protects you from negative energy.
   Will:      It increases your willpower.
Missiles
 s - 67 poisoned darts
 u - a throwing net
Armour
 d - an orb of light (worn)
 r - a +0 kite shield of fire resistance
 J - the +0 pair of boots of the New World (worn) {Int+2}
   (You found it on level 6 of the Dungeon)

   Int:       It affects your intelligence (+2).
 M - +0 acid dragon scales (worn)
 P - a +1 pair of gloves (worn)
 S - a +3 chain mail of fire resistance
Jewellery
 h - a ring of flight
 p - a +6 ring of dexterity (right hand)
 t - a ring of protection from cold
 y - an amulet of faith (around neck)
 I - a ring of poison resistance (left hand)
 L - a ring of willpower
Wands
 l - a wand of polymorph (13)
 q - a wand of charming (18)
 w - a wand of light (10)
 O - a wand of iceblast (12)
 T - a wand of flame (13)
Scrolls
 a - 4 scrolls of enchant armour
 f - 3 scrolls of blinking
 j - 4 scrolls of brand weapon
 n - 3 scrolls of butterflies
 v - a scroll of fog
 A - a scroll of vulnerability
 F - 6 scrolls of teleportation
 G - 4 scrolls of amnesia
 K - 4 scrolls of revelation
 N - 2 scrolls of fear
 R - a scroll of immolation
 U - 2 scrolls of silence
 V - a scroll of acquirement
 X - 4 scrolls of poison
 Y - 4 scrolls of enchant weapon
Potions
 b - 2 potions of cancellation
 c - 6 potions of ambrosia
 e - 4 potions of enlightenment
 g - 5 potions of magic
 i - 10 potions of curing
 k - 5 potions of mutation
 m - 2 potions of berserk rage {unknown}
 o - 2 potions of invisibility
 x - 2 potions of lignification
 z - 3 potions of haste
 B - 3 potions of attraction {unknown}
 C - 6 potions of heal wounds {unknown}
 D - a potion of might {unknown}
 H - 2 potions of brilliance {unknown}
Miscellaneous
 E - a lightning rod (4/4)
 Z - a condenser vane


   Skills:
 + Level 12.5 Fighting
 * Level 14.5 Short Blades
 * Level 15.3 Armour
 + Level 11.5 Dodging
 + Level 11.3 Shields
 * Level 13.0 Invocations
 + Level 5.8 Evocations


You had 14 spell levels left.
You didn't know any spells.
Your spell library contained the following spells:

 Spells                   Type           Power      Damage    Failure   Level
 Slow                     Hex            0%         N/A       45%         1
 Blink                    Tloc           0%         N/A       58%         2
 Lesser Beckoning         Tloc           0%         N/A       58%         2
 Momentum Strike          Conj/Tloc      0%         3d8       58%         2
 Static Discharge         Conj/Air       0%         2-2/arc   58%         2
 Confusing Touch          Hex            0%         N/A       83%         3
 Gell's Gravitas          Tloc           0%         N/A       83%         3
 Teleport Other           Tloc           0%         N/A       83%         3
 Vampiric Draining        Necr           0%         2d6       83%         3
 Volatile Blastmotes      Fire/Tloc      0%         2d10      83%         3
 Airstrike                Air            0%         2d(0-16)  99%         4
 Flame Wave               Conj/Fire      0%         2d4       99%         4
 Olgreb's Toxic Radiance  Pois           0%         N/A       99%         4
 Summon Lightning Spire   Summ/Air       0%         N/A       99%         4
 Dispersal                Tloc           0%         N/A       100%        6


Dungeon Overview and Level Annotations

Branches:
Dungeon (15/15)            Temple (1/1) D:4            Lair (5/5) D:11
  Swamp (0/4) Lair:3        Snake (0/4) Lair:3          Orc (2/2) D:10
    Elf (0/3) Orc:2        Vaults (0/5) D:14         Depths (0/4) D:15
  Sewer (visited)         Ossuary (visited)         Volcano (visited)
  Slime: Lair:4-5

Altars:
Ashenzari
Cheibriados
Dithmenos
Elyvilon
Fedhas
Gozag
Hepliaklqana
Kikubaaqudgha
Makhleb
Nemelex Xobeh
Okawaru
Qazlal
Ru
Sif Muna
Trog
Uskayaw
Vehumet
Wu Jian
Xom
Yredelemnul
Zin
The Shining One
Jiyva

Shops:
D:15 [   Orc:2 =!(*

Portals:
Abyss: D:11

Annotations:
D:11 2 transporters, Torious's ghost, journeyman DECj
Lair:3 2 transporters, Ifreeg's ghost, journeyman OpFE
Lair:4 exclusion: 2 oklob plants


Innate Abilities, Weirdness & Mutations

You have a pair of horns on your head.
You reflexively headbutt those who attack you in melee.


Message History

The frost giant freezes you!
Uskayaw will force your foes to helplessly watch your dance.
Uskayaw prepares the audience for your solo!
You are too injured to fight recklessly!
You are too injured to fight recklessly!
You are too injured to fight recklessly!
You are too injured to fight recklessly!
You are too injured to fight recklessly!
You are too injured to fight recklessly!
You are too injured to fight recklessly!
You are too injured to fight recklessly!
You are too injured to fight recklessly!
You are too injured to fight recklessly!
You are too injured to fight recklessly!
You are too injured to fight recklessly!
You are too injured to fight recklessly!
You are too injured to fight recklessly!
You are too injured to fight recklessly!
You are too injured to fight recklessly!
You are too injured to fight recklessly!
You are too injured to fight recklessly!
You are too injured to fight recklessly!
You are too injured to fight recklessly!
You are too injured to fight recklessly!
The helpless frost giant fails to defend itself.
You hit the frost giant. You drain the frost giant.
The frost giant is severely wounded.
The helpless frost giant fails to defend itself.
You slash the frost giant! You drain the frost giant.
The frost giant is severely wounded.
The frost giant is no longer paralysed.
The frost giant points at you and mumbles some strange words.
The bolt of cold hits you!!
* * * LOW HITPOINT WARNING * * *
Uskayaw will force your foes to share their pain.
You stomp with the beat, sending a shockwave through the revellers around you!
The frost giant is almost dead.
The frost giant points at you and mumbles some strange words.
The bolt of cold hits you!!
You die...

##### ######## ....# #......#
....# #......# ### ....##
#...⌠.⌠## #..
.....#############...!_..#### #.#
.................'...⌠.⌠....# #.#
....##############..........###.#
....# #≈≈..)....)#..........'....
....# #≈.#≈≈≈###@#..........###..
....###......#..C#..........# #..
......'.##≈..#.>.#######....# #..
....###......#...# #....# #..
....# #≈.#≈≈≈###+# #....# #..
##### #≈≈...... #....# #..
########## #....####. #....##...
#....##.#.


You could see a frost giant (drained).

Vanquished Creatures
  An orc warlord (Orc:1)
  A dire elephant (shapeshifter) (D:13)
  10 hydras
  4 centaur warriors
  6 two-headed ogres
  10 death yaks
  2 orc high priests (Orc:2)
  2 tengu warriors
  2 skysharks
  2 bog bodies (Lair:3)
  7 orc knights
  2 necromancers (D:14)
  A deep elf pyromancer (D:12)
  A harpy (shapeshifter) (D:13)
  9 cyclopes
  14 ugly things
  12 elephants
  A salamander (Lair:3)
  7 orc sorcerers
  5 black mambas
  A gargoyle (D:11)
  A molten gargoyle (Volcano)
  A rime drake (Lair:1)
  12 cane toads
  2 unseen horrors (D:13)
  5 kobold demonologists
  A freezing wraith (D:14)
  12 komodo dragons
  2 tengu conjurers (D:14)
  8 trolls
  3 meliai (D:13)
  3 red devils (Volcano)
  4 polar bears
  5 saltlings (Orc:2)
  6 hornets (Lair:5)
  A dream sheep (Lair:5)
  13 blink frogs
  A raiju (shapeshifter) (D:14)
  Sigmund (D:2)
  2 shadows
  14 spriggans (Lair:5)
  67 yaks
  2 vampires
  2 wraiths
  5 fire bats (Volcano)
  4 wyverns
  2 basilisks
  A steam dragon (Lair:4)
  Menkaure (D:5)
  5 vampire mosquitoes
  5 wargs
  A swamp worm (shapeshifter) (D:13)
  17 water moccasins
  2 acid dragons
  A hell hound (Volcano)
  33 orc warriors
  4 black bears
  2 boggarts (Lair:5)
  26 wolves
  15 centaurs
  6 ogres
  2 phantoms
  9 kobold brigands
  18 bullfrogs
  3 gnoll sergeants
  7 scorpions
  5 wights (D:8)
  5 howler monkeys
  5 electric eels
  8 lava snakes
  A gnoll bouda (D:7)
  A hound (D:5)
  19 orc priests
  2 jellies
  An iguana (D:6)
  31 orc wizards
  6 hell rats (Lair:3)
  8 mummies (Ossuary)
  2 river rats (Sewer)
  7 adders
  26 gnolls
  2 shadow imps (D:5)
  An ufetubus (D:7)
  5 worms
  3 dart slugs
  97 orcs
  9 bats
  9 endoplasms
  6 giant cockroaches
  A gnoll zombie (Ossuary)
  3 goblins
  3 hobgoblins (D:3)
  4 jackals (D:3)
  5 quokkas
  7 ball pythons
  7 frilled lizards
  2 hobgoblin zombies (Ossuary)
  12 kobolds
  4 kobold zombies (Ossuary)
  An orc zombie (Ossuary)
  12 rats
  A butterfly (Lair:5)
758 creatures vanquished.

Vanquished Creatures (collateral kills)
  A boggart (Lair:5)
1 creature vanquished.

Vanquished Creatures (others)
  A polar bear (Lair:5)
  A gnoll (D:12)
2 creatures vanquished.

Grand Total: 761 creatures vanquished

Notes
Turn   | Place    | Note
-------+----------+-------------------------------------------
     0 | D:1      | Anon1729 the Minotaur Monk began the quest for the Orb.
     0 | D:1      | Reached XP level 1. HP: 19/19 MP: 0/0
   121 | D:1      | You fall into a shaft and drop 1 floor!
   142 | D:2      | Reached XP level 2. HP: 19/27 MP: 1/1
   187 | D:2      | Noticed Sigmund
   552 | D:1      | Reached skill level 1 in Armour
   674 | D:1      | Reached skill level 1 in Invocations
   787 | D:2      | Reached XP level 3. HP: 21/33 MP: 2/2
   939 | D:2      | Killed Sigmund
   940 | D:2      | Reached skill level 2 in Armour
   940 | D:2      | Reached XP level 4. HP: 13/41 MP: 2/4
   940 | D:2      | Reached XP level 5. HP: 15/47 MP: 2/5
  1324 | D:3      | Found a glowing drain.
  1387 | Sewer    | Entered a sewer
  1447 | Sewer    | Reached XP level 6. HP: 49/55 MP: 6/6
  1532 | Sewer    | Reached skill level 1 in Shields
  1662 | Sewer    | Reached skill level 5 in Fighting
  1662 | Sewer    | Reached skill level 3 in Armour
  2067 | Sewer    | Reached XP level 7. HP: 61/61 MP: 8/8
  2287 | Sewer    | Reached skill level 5 in Short Blades
  2287 | Sewer    | Reached skill level 5 in Dodging
  3144 | D:3      | Reached skill level 4 in Armour
  3283 | D:3      | Found a shimmering altar of Xom.
  3433 | D:4      | Found an ornate altar of the Wu Jian Council.
  3555 | D:4      | Found a sand-covered staircase.
  3724 | Ossuary  | Entered an ossuary
  4246 | D:4      | Found a staircase to the Ecumenical Temple.
  4414 | D:4      | Found an opulent altar of Gozag.
  4593 | Temple   | Entered the Ecumenical Temple
  4749 | Temple   | Became a worshipper of Uskayaw the Reveller
  4749 | Temple   | Reached * piety under Uskayaw
  4795 | D:5      | Entered Level 5 of the Dungeon
  4798 | D:5      | Reached ** piety under Uskayaw
  4887 | D:5      | Noticed Menkaure
  4894 | D:5      | Killed Menkaure
  4894 | D:5      | Reached *** piety under Uskayaw
  4895 | D:5      | Reached XP level 8. HP: 39/70 MP: 9/9
  5308 | D:5      | Reached skill level 5 in Armour
  5312 | D:5      | Reached **** piety under Uskayaw
  5427 | D:5      | Found a shadowy altar of Dithmenos.
  5664 | D:5      | Reached XP level 9. HP: 78/78 MP: 11/11
  5952 | D:5      | Found a bloodstained altar of Trog.
  6123 | D:6      | Identified the +0 pair of boots of the New World {Int+2}
  6256 | D:6      | Reached ***** piety under Uskayaw
  6262 | D:6      | Reached skill level 5 in Shields
  6527 | D:6      | Reached skill level 6 in Armour
  6934 | D:6      | Reached skill level 5 in Invocations
  7232 | D:7      | Got the Elucidation of the Dose and Immolation
  8145 | D:8      | Found a hazy altar of Hepliaklqana.
  8406 | D:8      | Reached skill level 7 in Armour
  9397 | D:9      | Noticed a troll
  9405 | D:9      | Killed a troll
  9406 | D:9      | Reached XP level 10. HP: 81/88 MP: 13/13
  9633 | D:9      | Identified the amulet of Balance {RegenMP rCorr}
  9717 | D:9      | Reached ****** piety under Uskayaw
  9731 | D:9      | Reached skill level 8 in Armour
 10368 | D:10     | Entered Level 10 of the Dungeon
 10372 | D:10     | Noticed a two-headed ogre
 10389 | D:10     | Killed a two-headed ogre
 10638 | D:10     | Found a staircase to the Orcish Mines.
 10652 | D:10     | Reached XP level 11. HP: 59/95 MP: 15/15
 10655 | D:10     | Reached skill level 9 in Armour
 11409 | D:11     | Found a transporter.
 11434 | D:11     | Found a staircase to the Lair.
 11603 | D:11     | Identified the +5 broad axe of Tycleewk {elec, rElec rF+
                  | rN+ Will+}
 11864 | D:11     | Noticed a two-headed ogre
 11872 | D:11     | Killed a two-headed ogre
 11873 | D:11     | Reached skill level 10 in Armour
 12001 | D:11     | Found a one-way gate to the infinite horrors of the Abyss.
 12002 | D:11     | Noticed a wizard
 12013 | D:11     | Noticed Torious's ghost (journeyman DECj)
 12042 | D:11     | Found a transporter.
 12518 | D:11     | Reached skill level 10 in Short Blades
 13239 | D:12     | Noticed a deep elf pyromancer
 13252 | D:12     | Reached XP level 12. HP: 58/106 MP: 17/17
 13450 | D:12     | Noticed a tengu warrior
 13616 | D:12     | Noticed an eight-headed hydra
 13617 | D:12     | Noticed a centaur warrior
 13617 | D:12     | Noticed a boulder beetle
 13711 | D:12     | Noticed a centaur warrior
 13718 | D:12     | Killed a centaur warrior
 14144 | D:12     | Reached skill level 10 in Fighting
 14392 | Lair:1   | Entered Level 1 of the Lair of Beasts
 14459 | Lair:1   | Reached skill level 11 in Armour
 14848 | Lair:1   | Reached skill level 1 in Evocations
 15564 | Lair:1   | Identified a scroll of acquirement
 15565 | Lair:1   | Acquired 515 gold pieces
 15750 | Lair:2   | Noticed a five-headed hydra
 15760 | Lair:2   | Killed a five-headed hydra
 15970 | Lair:2   | Reached skill level 10 in Invocations
 16216 | Lair:2   | Noticed a death yak
 16218 | Lair:2   | Noticed a death yak
 16218 | Lair:2   | Noticed a death yak
 16219 | Lair:2   | Noticed a death yak
 16229 | Lair:2   | Killed a death yak
 16230 | Lair:2   | Reached XP level 13. HP: 90/114 MP: 19/19
 16255 | Lair:2   | Reached skill level 12 in Armour
 17030 | Lair:3   | Found a staircase to the Swamp.
 17318 | Lair:3   | Identified the +8 long sword "Sakleboj" {drain, Fragile
                  | rElec rN+ Str+2}
 17328 | Lair:3   | Found a bloodstained altar of Trog.
 17328 | Lair:3   | Noticed Ifreeg's ghost (journeyman OpFE)
 17335 | Lair:3   | Found a transporter.
 17338 | Lair:3   | Found a transporter.
 17679 | Lair:3   | Identified the +0 hand axe of the Shoals {speed, rElec
                  | Int+4 Dex-4}
 17849 | Lair:3   | Found a staircase to the Snake Pit.
 17974 | Lair:3   | Found a shimmering blue altar of Sif Muna.
 18510 | Lair:4   | Reached skill level 10 in Dodging
 18545 | Lair:4   | Reached skill level 13 in Armour
 19586 | Lair:4   | Reached XP level 14. HP: 93/124 MP: 21/21
 19709 | Lair:4   | Found a viscous altar of Jiyva.
 20033 | Lair:5   | Entered Level 5 of the Lair of Beasts
 20345 | Lair:5   | Reached skill level 10 in Shields
 21130 | Lair:5   | HP: 6/125 [spriggan rider/+0 spear (10)]
 21139 | Lair:5   | Reached skill level 14 in Armour
 22574 | D:13     | HP: 5/125 [nine-headed hydra (3)]
 23024 | D:13     | Reached skill level 5 in Evocations
 24028 | D:14     | Found a gate to the Vaults.
 24040 | D:14     | Reached XP level 15. HP: 132/132 MP: 23/23
 24097 | D:14     | Identified the +3 buckler of Inference {rN+}
 24917 | Orc:1    | Entered Level 1 of the Orcish Mines
 25379 | Orc:2    | Entered Level 2 of the Orcish Mines
 25525 | Orc:1    | Found a dark tunnel.
 25533 | Volcano  | Entered a volcano
 25715 | Volcano  | Found a bloodstained altar of Trog.
 26200 | Orc:2    | Found a staircase to the Elven Halls.
 26453 | Orc:2    | Reached skill level 15 in Armour
 26764 | Orc:2    | Found Viutziuf's Weapon Shoppe.
 26933 | Orc:2    | Found Voesuari's Distillery.
 26939 | Orc:2    | Bought a potion of invisibility for 136 gold pieces
 26939 | Orc:2    | Bought a potion of curing for 51 gold pieces
 26939 | Orc:2    | Bought a potion of enlightenment for 85 gold pieces
 26939 | Orc:2    | Bought a potion of lignification for 51 gold pieces
 26939 | Orc:2    | Bought a potion of cancellation for 136 gold pieces
 26939 | Orc:2    | Bought a potion of curing for 51 gold pieces
 27033 | Orc:2    | Found Gamamne's Assorted Antiques.
 27039 | Orc:2    | Bought a bubbling black potion for 23 gold pieces
 27143 | Orc:2    | Found Adoinur's Jewellery Shoppe.
 27765 | D:15     | Entered Level 15 of the Dungeon
 27767 | D:15     | Found Momoek's Antique Armour Emporium.
 27986 | D:15     | Found a sparkling altar of Nemelex Xobeh.
 28145 | D:15     | Found a staircase to the Depths.
 28145 | D:15     | Noticed a frost giant
 28153 | D:15     | Killed from afar by a frost giant

Illustrated notes

Levels and vault maps discovered:
D:1:      minmay_arrival_three_doors, layout_rooms, minivault_19,
          grunt_decor_junction
D:2:      layout_rooms, uniq_sigmund
D:3:      layout_loops_ring, nicolae_overflow_hidden_temple,
          portal_sewer_entry_f, serial_forest, infiniplex_forest_zigzag_1,
          infiniplex_forest_clump_double, infiniplex_forest_lined_1,
          infiniplex_forest_lined_2, infiniplex_forest_corner_1
D:4:      layout_loops_ring, grunt_gozag_breadcrumbs,
          nicolae_wu_jian_wuxing_cycle, minmay_temple_entry_nine_rooms,
          nicolae_ossuary_entry_ruins
D:5:      layout_loops_ring, mainiacjoe_overflow_tiny_flanked,
          mainiacjoe_overflow_cross_hatched, chequers_arboretum,
          lightli_minifort, uniq_menkaure
D:6:      layout_loops_cross, serial_aquarium, aquarium_bridge_square
          [aquarium_subvault_wall, aquarium_subvault_wall,
          aquarium_subvault_wall, aquarium_subvault_bridge],
          aquarium_window_fake, aquarium_window_fake, aquarium_view_2d
D:7:      layout_loops_ring, grunt_decor_mini_mirrors
D:8:      layout_layer_cave, amcnicky_altar_gilded
D:9:      layout_cross, minmay_misc_feat_x
D:10:     layout_loops_ring, david_orc_2
D:11:     layout_long_grid, due_lair_maze_entry_diamond, special_room
          [special_room_orc], gammafunk_ghost_abyssal_escape
D:12:     layout_stronghold, minivault_12
D:13:     layout_loops_ring
D:14:     layout_roguey, david_vaults_1, serial_glass, glass_columns_c,
          glass_columns_a, minmay_strange_pillars, minmay_strange_pillars,
          due_unseen_surprise, item_on_display_a, minivault_10
D:15:     grunt_enter_depths_snipers, layout_basic, ebering_ghost_xom,
          nicolae_figureground_sparkle, serial_shops, nicolae_shop_hallway_plus,
          nemelex_xobeh_ov_fountains_minmay
Temple:   minmay_temple_bridge_d
Lair:1:   layout_chaotic_city, serial_forest, infiniplex_forest_lined_2,
          infiniplex_forest_end_2, infiniplex_forest_end_2,
          infiniplex_forest_corner_1, infiniplex_forest_3_way,
          infiniplex_forest_straight_5, infiniplex_forest_end_1,
          infiniplex_forest_clump_long, infiniplex_forest_split,
          chequers_serial_rivers_room_a
Lair:2:   layout_loops_ring, st_stairs_9
Lair:3:   layout_long_grid, skrybe_swamp_entry_bodies,
          nicolae_snake_entry_warm_welcome, gammafunk_ghost_wrathful_warriors,
          lemuel_centaur_altar, serial_bayou_shore_b,
          infiniplex_staircase_pool_2, grunt_megastairs_5, serial_bayou_shore_a,
          lemuel_fruit_fields
Lair:4:   layout_concentric_octagons, minmay_slime_entry_oklob_open,
          lemuel_fruit_tree, grunt_megastairs_1
Lair:5:   minmay_lair_end_enchanted_forest, layout_misc_corridors,
          nicolae_lair_liquid_snakes, lemuel_fruit_fields, lemuel_fruit_fields
Orc:1:    layout_diamond_mine, nicolae_volcano_entry_hallway, mines_bat_river
Orc:2:    hellmonk_orc_salted, layout_diamond_mine, mines4_lemuel

Skill      XL: |  1  2  3  4  5  6  7  8  9 10 11 12 13 14 15 |
---------------+----------------------------------------------+-----
Armour         | 1 2 3 4 5 7 8 10 11 13 14 15 | 15.3
Invocations    | 1 2 3 4 6 7 8 10 11 12 13 | 13.0
Fighting       | 4 5 6 8 9 10 11 12 | 12.5
Short Blades   | 4 5 6 7 9 10 11 12 13 14 | 14.5
Dodging        | 4 5 6 7 8 9 10 11 | 11.5
Shields        | 1 3 4 6 8 9 10 11 | 11.3
Evocations     | 2 3 5 |  5.8

Action                     |  1- 3 |  4- 6 |  7- 9 | 10-12 | 13-15 || total
---------------------------+-------+-------+-------+-------+-------++-------
  Melee: Short sword       |    55 |    35 |       |       |       ||    90
         Headbutt          |    18 |    44 |   142 |   252 |   292 ||   748
         Unarmed           |       |    88 |    54 |       |       ||   142
         Dagger            |       |       |   418 |   764 |   155 ||  1337
         Long sword        |       |       |       |       |   714 ||   714
 Invoke: Stomp             |       |       |       |    10 |    12 ||    22
         Grand Finale      |       |       |       |     3 |     5 ||     8
         Line Pass         |       |       |       |     1 |       ||     1
  Evoke: Wand              |       |       |       |     2 |     8 ||    10
    Use: Potion            |       |       |     1 |     3 |       ||     4
         Scroll            |       |       |    11 |     8 |     7 ||    26
   Stab: Paralysed         |       |       |    24 |    59 |   119 ||   202
         Confused          |       |       |       |     1 |       ||     1
 Armour: Robe              |    10 |       |       |       |       ||    10
         Scale mail        |     3 |    29 |    87 |       |       ||   119
         Plate armour      |       |       |    61 |    56 |       ||   117
         Acid dragon scale |       |       |       |   104 |   319 ||   423
  Dodge: Dodged            |    43 |    43 |   168 |   384 |   916 ||  1554

Table legend: (Time is in decaauts)
 A = Elapsed time spent in this place.
 B = Non-inter-level travel time spent in this place.
 C = Inter-level travel time spent in this place.
 D = Time resting spent in this place.
 E = Time spent auto-exploring this place.
 F = Levels seen in this place.
 G = Mean time per level.
                   A        B        C        D        E       F      G
               +--------+--------+--------+--------+--------+-----+--------+
         Total |  27548 |  25940 |   1608 |   1942 |  20267 |  26 | 1059.5 |
       Dungeon |  15465 |  14374 |   1091 |    879 |  11697 |  15 | 1031.0 |
        Temple |    174 |    135 |     39 |      0 |    129 |   1 |  174.0 |
          Lair |   7514 |   7161 |    353 |    876 |   5320 |   5 | 1502.8 |
  Orcish Mines |   2295 |   2171 |    124 |     32 |   1797 |   2 | 1147.5 |
         Sewer |   1348 |   1348 |      0 |      0 |   1025 |   1 | 1348.0 |
       Ossuary |    338 |    338 |      0 |     67 |    170 |   1 |  338.0 |
       Volcano |    411 |    411 |      0 |     88 |    128 |   1 |  411.0 |
               +--------+--------+--------+--------+--------+-----+--------+

Top non-repeatable levels by time:
  Lair:5: 1973 daAuts
  Lair:3: 1834 daAuts
    D:11: 1571 daAuts
    D:13: 1517 daAuts
   Orc:2: 1458 daAuts
    D:12: 1412 daAuts
     D:8: 1386 daAuts
   Sewer: 1348 daAuts
     D:5: 1292 daAuts
  Lair:2: 1273 daAuts
  Lair:1: 1248 daAuts
  Lair:4: 1184 daAuts
    D:14: 1176 daAuts
    D:10: 1093 daAuts
     D:6: 1059 daAuts
